 Dungeon Crawl Stone Soup version 0.28-a0-730-g892d06dc2c (webtiles) character file.

Game seed: 14570436901360667589

561 willcat the Sneak (level 7, -10/40 HPs)
             Began as a Deep Elf Delver on Oct 28, 2021.
             Killed from afar by Dowan (19 damage)
             ... with a shard of ice
             ... on level 5 of the Dungeon.
             The game lasted 00:02:24 (1903 turns).

willcat the Sneak (Deep Elf Delver)                 Turns: 1903, Time: 00:02:24

Health: -10/40     AC:  3    Str:  9    XL:     7   Next: 9%
Magic:  9/9        EV: 13    Int: 17    God:
Gold:   71         SH:  0    Dex: 16    Spells: 6/6 levels left

rFire   + . .      SeeInvis .   a - +0 short sword
rCold   . . .      Faith    .   (no shield)
rNeg    . . .      Spirit   .   b - +0 leather armour
rPois   .          Reflect  .   (no helmet)
rElec   .          Harm     .   (no cloak)
rCorr   .          Rampage  .   (no gloves)
Will    .....                   (no boots)
Stlth   ++++......              o - amulet of the acrobat
HPRegen 0.13/turn               k - ring of protection from fire
MPRegen 0.11/turn               (no ring)

@: no status effects
A: no striking features
a: no special abilities


You were on level 5 of the Dungeon.
You visited 1 branch of the dungeon, and saw 2 of its levels.

You collected 71 gold pieces.

Inventory:

Hand Weapons
 a - a +0 short sword (weapon)
Armour
 b - a +0 leather armour (worn)
Jewellery
 k - a ring of protection from fire (left hand)
 o - an amulet of the acrobat (around neck)
Wands
 g - a wand of digging (10)
 h - a wand of flame (17)
 n - a wand of iceblast (2)
Scrolls
 c - a scroll of fog
 d - a scroll of magic mapping
 e - a scroll of identify {unknown}
 m - 2 scrolls of teleportation {unknown}
Potions
 f - a potion of haste
 i - a potion of attraction {unknown}
 j - a potion of cancellation {unknown}
 l - a potion of flight {unknown}
 p - a potion of brilliance {unknown}
 q - a potion of invisibility {unknown}


   Skills:
 - Level 2.4 Fighting
 + Level 4.2 Short Blades
 + Level 5.1 Dodging
 + Level 7.9 Stealth
 + Level 3.5 Evocations


You had 6 spell levels left.
You didn't know any spells.
Your spell library was empty.

Dungeon Overview and Level Annotations

Branches:
Dungeon (6/15)
 Temple: D:4-7

Altars:

Annotations:
D:5 Dowan


Message History

The puff of flame hits Duvessa.
Duvessa is almost dead.
Duvessa hits you with a +0 short sword of speed!
Duvessa hits you with a +0 short sword of speed.
Aiming: Iceblast
Press: ? - help, Shift-Dir - straight line, p - Duvessa The mass of ice explodes!
The iceblast engulfs Duvessa.
Duvessa is almost dead.
Duvessa hits you with a +0 short sword of speed.
Duvessa misses you.
Unknown command.
Unknown command.
That's the wrong kind of item! (Use * to select it.) Evoke which item? (* to show all) (? for menu, Esc to quit)
Okay, then.
Aiming: Throw Flame
Press: ? - help, Shift-Dir - straight line, f - Duvessa
Aim: Duvessa, wielding a +0 short sword of speed and wearing a +0 scale mail (almost dead, fast, 79% to hit)
The puff of flame hits Duvessa.
You kill Duvessa!
Dowan's eyes darken. "You have made a black mistake."
Dowan seems to find hidden reserves of power!
Your Dodging skill increases to level 5!
You have reached level 7!
Aiming: Iceblast
Press: ? - help, Shift-Dir - straight line, f - Dowan
Aim: Dowan, wielding a +0 dagger and wearing a +0 robe (fast)
The mass of ice explodes!
The iceblast engulfs Dowan!
Dowan is heavily wounded.
Unknown command.
Unknown command.
Aiming: Iceblast
Press: ? - help, Shift-Dir - straight line, p - Dowan The mass of ice explodes!
The iceblast engulfs Dowan!
Dowan is almost dead.
Dowan hits you with a +0 dagger.
* * * LOW HITPOINT WARNING * * *
Dowan gestures at you while chanting. The shard of ice hits you!!
You die...

#...## ##....## ##.
####.######......######..
##.##.....##...#.<....
#......#####.......##
##..#### ##..######
#.....######..#
#.............# #
##.............# ##
##...@..........#####.
##....e...#####...##...
##..##..#### ###......
#.#####.## #....## ###
#..# #...### ##.## #..##
# #..########..# #
##............####
##.............##..


You could see Dowan (fast).

Vanquished Creatures
  Duvessa (D:5)
  An ice beast (D:5)
  A centaur (D:6)
  A phantom (D:5)
  A scorpion (D:5)
  A bullfrog zombie (D:6)
  2 bullfrog skeletons
  An iguana (D:6)
  Ijyb (D:5)
  2 adders
  An ufetubus (D:5)
13 creatures vanquished.

Notes
Turn   | Place    | Note
-------+----------+-------------------------------------------
     0 | D:5      | willcat the Deep Elf Delver began the quest for the Orb.
     0 | D:5      | Reached XP level 1. HP: 13/13 MP: 3/3
    50 | D:5      | Noticed Ijyb
    58 | D:5      | Killed Ijyb
    59 | D:5      | Reached XP level 2. HP: 18/18 MP: 4/4
   188 | D:5      | Reached XP level 3. HP: 19/22 MP: 5/5
   198 | D:5      | Noticed Duvessa
   271 | D:6      | Reached skill level 1 in Evocations
   271 | D:6      | Reached XP level 4. HP: 11/27 MP: 6/6
   308 | D:6      | Noticed a black bear
   644 | D:6      | Noticed a centaur
   650 | D:6      | Killed a centaur
   651 | D:6      | Reached skill level 7 in Stealth
   651 | D:6      | Reached XP level 5. HP: 25/31 MP: 7/7
  1481 | D:5      | Noticed an ice beast
  1488 | D:5      | Killed an ice beast
  1489 | D:5      | Reached XP level 6. HP: 25/36 MP: 8/8
  1863 | D:5      | Noticed Dowan
  1864 | D:5      | Noticed a water moccasin
  1901 | D:5      | Killed Duvessa
  1902 | D:5      | Reached skill level 5 in Dodging
  1902 | D:5      | Reached XP level 7. HP: 14/40 MP: 9/9
  1903 | D:5      | Killed from afar by Dowan

Illustrated notes

Levels and vault maps discovered:
D:5:      layout_layer_cave, uniq_duvessa, uniq_ijyb, uniq_pikel
D:6:      layout_loops_ring

Skill      XL: |  1  2  3  4  5  6 |
---------------+-------------------+-----
Dodging        | 3 4 5 |  5.1
Evocations     | 1 2 3 |  3.5
Short Blades   | 3 4 |  4.2
Stealth        | 7 |  7.9
Fighting       | |  2.4

Action                   |  1- 3 |  4- 6 |  7- 9 || total
-------------------------+-------+-------+-------++-------
Melee: Short sword       |    10 |    28 |       ||    38
Evoke: Wand              |     4 |    26 |     2 ||    32
  Use: Scroll            |       |     1 |       ||     1
 Stab: Sleeping          |     2 |     3 |       ||     5
Armor: Leather armour    |       |     5 |       ||     5
Dodge: Dodged            |     4 |    23 |       ||    27

Table legend: (Time is in decaauts)
 A = Elapsed time spent in this place.
 B = Non-inter-level travel time spent in this place.
 C = Inter-level travel time spent in this place.
 D = Time resting spent in this place.
 E = Time spent auto-exploring this place.
 F = Levels seen in this place.
 G = Mean time per level.
                   A        B        C        D        E       F      G
               +--------+--------+--------+--------+--------+-----+--------+
         Total |   1900 |   1859 |     41 |    622 |   1034 |   2 |  950.0 |
       Dungeon |   1900 |   1859 |     41 |    622 |   1034 |   2 |  950.0 |
               +--------+--------+--------+--------+--------+-----+--------+

Top non-repeatable levels by time:
     D:6: 1156 daAuts
     D:5: 743 daAuts
